 Dungeon Crawl Stone Soup version 0.28.0-45-g0d030f2227 (webtiles) character file.

Game seed: 9983035711795162263

6 pkoi the Conjurer (level 1, -2/14 HPs)
             Began as a Demigod Conjurer on Apr 5, 2022.
             Slain by a hobgoblin (4 damage)
             ... on level 1 of the Dungeon.
             The game lasted 00:00:30 (292 turns).

pkoi the Conjurer (Demigod Conjurer)                 Turns: 292, Time: 00:00:31

Health: -2/14      AC:  2    Str:  8    XL:     1   Next: 60%
Magic:  1/5        EV: 12    Int: 20    God:
Gold:   37         SH:  0    Dex: 12    Spells: 2/3 levels left

rFire   . . .      SeeInvis .   d - +0 dagger
rCold   . . .      Faith    .   (no shield)
rNeg    . . .      Spirit   .   a - +0 robe
rPois   .          Reflect  .   (no helmet)
rElec   .          Harm     .   (no cloak)
rCorr   .          Rampage  .   (no gloves)
Will    .....                   (no boots)
Stlth   ++........              (no amulet)
HPRegen 0.04/turn               (no ring)
MPRegen 0.09/turn               (no ring)

@: no status effects
A: high MP 1, forlorn, divine attributes
a: no special abilities


You were on level 1 of the Dungeon.
You visited 1 branch of the dungeon, and saw 1 of its levels.

You collected 37 gold pieces.

Inventory:

Hand Weapons
 d - a +0 dagger (weapon)
Armour
 a - a +0 robe (worn)
Potions
 b - a potion of heal wounds {unknown}
 c - a potion of might {unknown}


   Skills:
 - Level 1.7 Dodging
 - Level 1.7 Stealth
 + Level 1.9 Spellcasting
 * Level 3.8 Conjurations


You had 2 spell levels left.
You knew the following spells:

 Your Spells              Type           Power      Damage    Failure   Level
a - Magic Dart            Conj           68%        1d6       3%          1

Your spell library contained the following spells:

 Spells                   Type           Power      Damage    Failure   Level
 Searing Ray              Conj           34%        2d5       4%          2
 Dazzling Flash           Conj/Hex       18%        N/A       22%         3
 Fulminant Prism          Conj/Hex       4%         3d6       56%         4
 Iskenderun's Mystic Bla  Conj/Tloc      9%         2d4       56%         4


Dungeon Overview and Level Annotations

Branches:
Dungeon (1/15)


Innate Abilities, Weirdness & Mutations

You have an increased reservoir of magic. (+10% MP)
You shall have no god before yourself.
Your divine heritage dramatically boosts your attributes as you level up.


Message History

The magic dart hits the hobgoblin.
The hobgoblin is almost dead.
The magic dart hits the hobgoblin but does no damage.
The hobgoblin is almost dead.
You are too depleted to draw on your mana recklessly!
A hobgoblin comes into view.
You barely miss the hobgoblin.
The hobgoblin is almost dead.
The hobgoblin shouts!
The hobgoblin hits you.
You barely miss the hobgoblin.
The hobgoblin is almost dead.
The hobgoblin hits you but does no damage.
The hobgoblin hits you.
* * * LOW HITPOINT WARNING * * *
The hobgoblin hits you.
* * * LOW HITPOINT WARNING * * *
The hobgoblin hits you.
* * * LOW HITPOINT WARNING * * *
You see here a +0 dagger.
d - a +0 dagger The hobgoblin hits you.
* * * LOW HITPOINT WARNING * * *
A rat comes into view.
Found a book of Blood and a lumpy platinum amulet.
The hobgoblin misses you.
You aren't carrying any scrolls.
d - a +0 dagger (weapon)
The hobgoblin hits you.
* * * LOW HITPOINT WARNING * * *
Aiming: Magic Dart (safe; 3% risk of failure)
Press: ? - help, Q - select action Shift-Dir - straight line, f - rat, p - hobgoblin
Aim: a rat (100% to hit)
The magic dart hits the rat.
You kill the rat!
Unknown command.
You see here a rat corpse.
A giant cockroach comes into view.
The hobgoblin hits you.
You die...

### #.. #.# # #
#.. #"#.#.##.
......
###.###@#......
......
.......g.......
......
###.###g#...B.#
...... #.#
#.#.....#
.....####.# #.#
....#
..........###.#
##+## # #.#
#+######.........#
####. #.#
.>...............#
......###.#
....####.........#
#.........†.#


You could see a giant cockroach (asleep) and 2 hobgoblins.

Vanquished Creatures
  A giant cockroach (D:1)
  A hobgoblin (D:1)
  A kobold (D:1)
  3 rats (D:1)
6 creatures vanquished.

Notes
Turn   | Place    | Note
-------+----------+-------------------------------------------
     0 | D:1      | pkoi the Demigod Conjurer began the quest for the Orb.
     0 | D:1      | Reached XP level 1. HP: 14/14 MP: 5/5
   292 | D:1      | Slain by a hobgoblin

Illustrated notes

Levels and vault maps discovered:
D:1:      sevenhm_arrival_forest_fort_small_4, layout_basic,
          serial_bayou_lagoon_b

Action                   || total
-------------------------++-------
Melee: Unarmed           ||     2
 Cast: Magic Dart        ||    15
Armor: Robe              ||     1
Dodge: Dodged            ||     1
